 Dungeon Crawl Stone Soup version 0.29.1-12-g30fa7ad0bf (webtiles) character file.

Game seed: 5572513449849651178

4974 wormed the Covert (level 10, -3/64 HPs)
             Began as a Kobold Brigand on Dec 22, 2022.
             Slain by a wraith (9 damage)
             ... on level 8 of the Dungeon.
             The game lasted 00:21:10 (11358 turns).

wormed the Covert (Kobold Brigand)                 Turns: 11358, Time: 00:21:10

Health: -3/64      AC:  4    Str:  8    XL:     10   Next: 83%
Magic:  10/10      EV: 20    Int: 12    God:
Gold:   432        SH:  0    Dex: 22    Spells: 9/9 levels left

rFire   . . .      SeeInvis .   t - +2 dagger (venom)
rCold   . . .      Faith    .   (no shield)
rNeg    . . .      Spirit   .   r - +0 leather armour
rPois   .          Reflect  .   (no helmet)
rElec   .          Harm     .   c - +0 cloak
rCorr   .          Rampage  .   (no gloves)
Will    .....                   (no boots)
Stlth   ++++++....              o - amulet of the acrobat
HPRegen 0.20/turn               (no ring)
MPRegen 0.12/turn               (no ring)

@: slowed, very slow
A: small, no large weapons, nightstalker 3
a: no special abilities


You were on level 8 of the Dungeon.
You visited 2 branches of the dungeon, and saw 9 of its levels.
You also visited: Ossuary.

You collected 432 gold pieces.

Inventory:

Hand Weapons
 t - a +2 dagger of venom (weapon)
Missiles
 d - 8 poisoned darts (quivered)
 e - 5 curare-tipped darts
 H - 2 throwing nets
Armour
 c - a +0 cloak (worn)
 r - a +0 leather armour (worn)
Jewellery
 o - an amulet of the acrobat (around neck)
 z - a +6 ring of intelligence
 J - a ring of poison resistance
Wands
 u - a wand of roots (11)
 A - a wand of charming (7)
 I - a wand of flame (55)
 L - a wand of polymorph (2)
Scrolls
 a - 4 scrolls of poison {unknown}
 i - 3 scrolls of blinking
 k - a scroll of noise
 l - a scroll of torment {unknown}
 m - 2 scrolls of teleportation
 p - 2 scrolls of enchant armour {unknown}
 q - a scroll of butterflies {unknown}
 s - a scroll of brand weapon {unknown}
 v - a scroll of amnesia {unknown}
 w - a scroll of magic mapping {unknown}
 y - a scroll of immolation {unknown}
 C - 5 scrolls of identify
 D - 2 scrolls of vulnerability {unknown}
 F - a scroll of silence {unknown}
 K - a scroll of fear {unknown}
Potions
 b - 2 potions of attraction
 f - a potion of invisibility {unknown}
 g - 8 potions of lignification {unknown}
 h - a potion of brilliance {unknown}
 j - 6 potions of curing
 n - 7 potions of degeneration {unknown}
 x - 3 potions of heal wounds {unknown}
 B - 3 potions of mutation {unknown}
 E - 3 potions of might {unknown}
 G - a potion of ambrosia {unknown}


   Skills:
 + Level 7.8 Fighting
 + Level 9.3 Short Blades
 + Level 7.7 Throwing
 + Level 8.2 Dodging
 + Level 11.1 Stealth


You had 9 spell levels left.
You didn't know any spells.
Your spell library contained the following spells:

 Spells                   Type           Power      Damage    Failure   Level
 Beastly Appendage        Tmut           0%         N/A       43%         1
 Slow                     Hex            0%         N/A       43%         1
 Wereblood                Tmut           0%         N/A       58%         2
 Confusing Touch          Hex            0%         N/A       82%         3
 Dazzling Flash           Conj/Hex       0%         N/A       82%         3
 Gell's Gravitas          Tloc           0%         N/A       82%         3
 Ignite Poison            Fire/Tmut/Pois 0%         N/A       82%         3
 Lesser Beckoning         Tloc           0%         N/A       82%         3
 Mephitic Cloud           Conj/Pois/Air  0%         N/A       82%         3
 Spider Form              Tmut/Pois      0%         N/A       82%         3
 Teleport Other           Tloc           0%         N/A       82%         3
 Vampiric Draining        Necr           0%         2d6       82%         3
 Agony                    Necr           0%         N/A       100%        5
 Freezing Cloud           Conj/Ice/Air   0%         6-21      100%        5
 Silence                  Hex/Air        0%         N/A       100%        5


Dungeon Overview and Level Annotations

Branches:
Dungeon (8/15)             Temple (1/1) D:7         Ossuary (visited)
   Lair: D:8-11

Altars:
Cheibriados
Dithmenos
Elyvilon
Fedhas
Gozag
Hepliaklqana
Kikubaaqudgha
Makhleb
Nemelex Xobeh
Okawaru
Qazlal
Ru
Sif Muna
Trog
Vehumet
Wu Jian
Xom
Yredelemnul
Zin
The Shining One

Shops:
D:4 [


Innate Abilities, Weirdness & Mutations

You are small and have problems with some larger weapons.
You are completely attuned to the shadows.


Message History

You barely miss the wraith.
The wraith is moderately damaged.
The wraith hits you.
You hit the wraith but do no damage.
The wraith is moderately damaged.
The wraith hits you.
You hit the wraith but do no damage.
The wraith is moderately damaged.
You hit the wraith but do no damage.
The wraith is moderately damaged.
The wraith hits you but does no damage.
You hit the wraith but do no damage.
The wraith is moderately damaged.
The wraith hits you!
You closely miss the wraith.
The wraith is moderately damaged.
The wraith hits you!
You closely miss the wraith.
The wraith is moderately damaged.
The wraith barely misses you. The wraith completely misses you.
The wraith attacks as you move away! The wraith completely misses you.
The wraith hits you.
* * * LOW HITPOINT WARNING * * *
The wraith drains your vigour!
You feel as though you will be slow longer.
The wraith attacks as you move away! The wraith hits you!
* * * LOW HITPOINT WARNING * * *
The wraith drains your vigour!
You feel as though you will be slow longer.
The wraith misses you. The wraith attacks as you move away!
The wraith misses you. The wraith attacks as you move away!
The wraith completely misses you. The wraith hits you.
* * * LOW HITPOINT WARNING * * *
Aiming: Fastroot
Press: ? - help, Shift-Dir - straight line The roots erupt in riotous growth!
The wraith is unaffected.
The wraith hits you!
You die...

#..# ######### #..##.##..#.#.###
...# #..##.##.<....).. ...#
###### #..##.#####.##.## #..#
#....# #..#.........รท... ...#
#.##.# #..#.......#####. ...#
#.##.###..#........).... ..##
#.##......#........####. #.#
#.#######.#........####. ..#
#.#...W@...........#.... ..#
#.#.#####..........#.### .##
#.#.# ###............... .#######
#.#.# #...........##.### .......#
#.#.# #.#.#...........#
.......###.#.# #.#.#.......##..##
.......##..#.###.#.######.#......
.............##...........##.###.
.............##...........##.# #.


You could see a wraith.

Vanquished Creatures
  Pikel (D:5)
  Joseph (D:7)
  Maggie (D:8)
  Grinder (D:6)
  2 hornets (D:8)
  Eustachio (D:4)
  Grum (D:8)
  A wyvern (D:8)
  Menkaure (Ossuary)
  A water moccasin (D:5)
  A black bear (D:5)
  3 ice beasts
  3 ogres
  2 centaurs
  4 wolves (D:8)
  2 lemures
  Blork the orc (D:4)
  A gnoll sergeant (D:7)
  3 necrophages
  7 scorpions
  A howler monkey (D:6)
  2 hounds (D:6)
  An orc priest (D:7)
  2 jellies
  A gnoll bouda (D:4)
  An iguana (D:4)
  8 orc wizards
  3 mummies (Ossuary)
  5 adders
  13 gnolls
  An ufetubus (D:5)
  A worm (D:2)
  3 dart slugs
  22 orcs
  7 endoplasms
  8 giant cockroaches
  5 gnoll zombies (Ossuary)
  9 goblins
  11 hobgoblins
  2 jackals (D:1)
  13 kobolds
  2 quokkas
  11 ball pythons
  6 bats
  4 frilled lizards
  3 gnoll skeletons (Ossuary)
  5 goblin skeletons (Ossuary)
  5 goblin zombies (Ossuary)
  3 hobgoblin skeletons (Ossuary)
  2 hobgoblin zombies (Ossuary)
  4 kobold skeletons (Ossuary)
  5 kobold zombies (Ossuary)
  5 orc skeletons (Ossuary)
  5 orc zombies (Ossuary)
  2 rats
  5 rat skeletons (Ossuary)
  3 rat zombies (Ossuary)
227 creatures vanquished.

Vanquished Creatures (others)
  A gnoll (D:7)
  A plant (D:2)
2 creatures vanquished.

Grand Total: 229 creatures vanquished

Notes
Turn   | Place    | Note
-------+----------+-------------------------------------------
     0 | D:1      | wormed the Kobold Brigand began the quest for the Orb.
     0 | D:1      | Reached XP level 1. HP: 12/12 MP: 1/1
   146 | D:1      | Reached XP level 2. HP: 18/18 MP: 2/2
   706 | D:1      | Reached XP level 3. HP: 22/22 MP: 3/3
  1111 | D:2      | HP: 1/22 [gnoll/+0 spear (6)]
  1531 | D:2      | Reached XP level 4. HP: 27/27 MP: 4/4
  2418 | D:3      | Reached skill level 6 in Stealth
  2557 | D:3      | Reached XP level 5. HP: 30/32 MP: 5/5
  2971 | D:4      | Noticed Eustachio
  2975 | D:4      | Killed Eustachio
  2976 | D:4      | Reached XP level 6. HP: 37/37 MP: 6/6
  3370 | D:4      | Reached XP level 7. HP: 35/42 MP: 7/7
  3532 | D:4      | Reached skill level 7 in Stealth
  3692 | D:4      | Reached skill level 5 in Short Blades
  4183 | D:4      | Found Rephuurph's Antique Armour Shoppe.
  4345 | D:4      | Noticed Blork the orc
  4395 | D:4      | Killed Blork the orc
  4568 | D:4      | Reached XP level 8. HP: 22/48 MP: 8/8
  4818 | D:5      | Entered Level 5 of the Dungeon
  4833 | D:5      | Noticed Pikel
  5081 | D:5      | Reached skill level 5 in Fighting
  5081 | D:5      | Reached skill level 8 in Stealth
  5088 | D:5      | Reached skill level 5 in Throwing
  5088 | D:5      | Reached skill level 5 in Dodging
  5608 | D:5      | Killed Pikel
  5609 | D:5      | Reached XP level 9. HP: 20/55 MP: 9/9
  5899 | D:5      | Reached skill level 9 in Stealth
  6750 | D:6      | Noticed Grinder
  6777 | D:6      | Killed Grinder
  7309 | D:7      | Reached XP level 10. HP: 61/61 MP: 10/10
  7360 | D:7      | Found an iron altar of Okawaru.
  7363 | D:7      | Found a bloodstained altar of Trog.
  7366 | D:7      | Found a snail-covered altar of Cheibriados.
  7451 | D:7      | Found a sand-covered staircase.
  7457 | Ossuary  | Entered an ossuary
  7856 | Ossuary  | Reached skill level 10 in Stealth
  8060 | Ossuary  | Noticed Menkaure
  8081 | Ossuary  | Killed Menkaure
  9122 | D:7      | Noticed Joseph
  9126 | D:7      | Killed Joseph
  9431 | D:7      | Found a staircase to the Ecumenical Temple.
  9437 | Temple   | Entered the Ecumenical Temple
  9904 | D:8      | Noticed Grum
  9950 | D:8      | HP: 1/63 [Grum/+1 spear (17)]
 10276 | D:8      | Killed Grum
 10934 | D:8      | Found a radiant altar of Vehumet.
 10954 | D:8      | Found a runed translucent gate.
 10954 | D:8      | Found a runed translucent gate.
 10955 | D:8      | Found a runed translucent gate.
 11014 | D:8      | Reached skill level 11 in Stealth
 11064 | D:8      | Noticed Maggie
 11110 | D:8      | Killed Maggie
 11358 | D:8      | Slain by a wraith

Illustrated notes

Levels and vault maps discovered:
D:1:      minmay_arrival_plants_in_alcoves, layout_basic
D:2:      layout_rooms, serial_bayou, serial_bayou_crossing,
          serial_bayou_pond_c, serial_bayou_pond_d, serial_bayou_pond_d,
          uniq_crazy_yiuf_cottage
D:3:      layout_loops_cross, minmay_fractal_squares_5
D:4:      minmay_angry_zag, layout_loops_ring, nicolae_take_the_stairs,
          uniq_eustachio, uniq_blork_the_orc
D:5:      layout_basic, lemuel_tele_altar, serial_glass, glass_columns_b,
          glass_columns_c, nicolae_concentric_dashed_squares_mild,
          corexii_checkpoint_a, uniq_pikel
D:6:      layout_rooms, uniq_grinder
D:7:      layout_basic, grunt_temple_overflow_diamond, lemuel_temple_firewalk_b,
          lightli_ossuary_entry_decrepit_ruins, uniq_joseph
D:8:      layout_basic, vehumet_crystals, gammafunk_ghost_spectres,
          nicolae_titane, uniq_maggie, uniq_grum
Temple:   nicolae_temple_elliptical

Skill      XL: |  1  2  3  4  5  6  7  8  9 10 |
---------------+-------------------------------+-----
Short Blades   | 3 4 5 7 8 9 |  9.3
Dodging        | 2 3 4 6 7 8 |  8.2
Fighting       | 3 4 5 6 7 |  7.8
Stealth        | 6 7 8 9 11 | 11.1
Throwing       | 3 4 5 6 7 |  7.7

Action                   |  1- 3 |  4- 6 |  7- 9 | 10-12 || total
-------------------------+-------+-------+-------+-------++-------
Melee: Dagger            |    66 |   131 |   264 |   341 ||   802
       Punch             |     1 |       |     2 |     3 ||     6
Throw: Dart              |     1 |       |     9 |       ||    10
Evoke: Wand              |       |       |       |     1 ||     1
  Use: Scroll            |       |     4 |     1 |       ||     5
 Stab: Sleeping          |    16 |    21 |    30 |    17 ||    84
       Distracted        |       |       |     3 |     3 ||     6
Armor: Robe              |     8 |     7 |       |       ||    15
       Leather armour    |       |    11 |    28 |     9 ||    48
Dodge: Dodged            |    39 |    83 |   119 |   185 ||   426
